 Dungeon Crawl Stone Soup version 0.26.1-2-gb8aa6d0cf2 (webtiles) character file.

Game seed: 6382965471416227050

75079 Amaterasu the Warrior (level 15, -2/172 HPs)
             Began as an Ogre Monk on Feb 10, 2021.
             Was the Champion of Okawaru.
             Killed from afar by a tengu reaver (35 damage)
             ... with a bolt of magma
             ... on level 13 of the Dungeon.
             The game lasted 00:33:49 (28013 turns).

Amaterasu the Warrior (Ogre Monk)                  Turns: 28013, Time: 00:33:50

Health: -2/172     AC: 19    Str: 24    XL:     15   Next: 48%
Magic:  0/20       EV:  9    Int: 11    God:    Okawaru [******]
Gold:   1608       SH:  0    Dex: 17    Spells: 14/14 levels left

rFire    . . .     SeeInvis .   R - +2 giant spiked club (spect)
rCold    . . .     Faith    .   (shield currently unavailable)
rNeg     . . .     Spirit   +   z - +2 storm dragon scales
rPois    +         Reflect  .   M - +0 hat
rElec    +         Harm     .   f - +1 cloak
rCorr    .         Rampage  .   (gloves unavailable)
Will     +....                  (boots unavailable)
Stlth    ..........             I - amulet of guardian spirit
HPRegen  0.38/turn              c - +6 ring of dexterity
MPRegen  0.17/turn              s - ring of poison resistance

@: no status effects
A: large, unfitting armour, tough skin 1
a: Renounce Religion, Heroism, Finesse


You were on level 13 of the Dungeon.
You worshipped Okawaru.
Okawaru was exalted by your worship.
You visited 3 branches of the dungeon, and saw 20 of its levels.

You collected 2258 gold pieces.
You spent 650 gold pieces at shops.

Inventory:

Hand Weapons
 N - the +5 giant spiked club of Liloraef {flame, +Fly rElec}
   (Okawaru gifted it to you on level 4 of the Lair of Beasts)

   It has been specially enchanted to burn those struck by it, causing extra
   injury to most foes and up to half again as much damage against particularly
   susceptible opponents.
   It insulates you from electricity.
   It lets you fly.
 R - a +2 spectral giant spiked club (weapon)
Missiles
 p - 3 throwing nets (quivered)
 G - 4 large rocks
Armour
 f - a +1 cloak (worn)
 m - a +0 troll leather armour
 z - +2 storm dragon scales (worn)
 H - a scarf of invisibility
 M - a +0 hat (worn)
Jewellery
 c - a +6 ring of dexterity (left hand)
 n - an uncursed ring of see invisible
 s - a ring of poison resistance (right hand)
 I - an amulet of guardian spirit (around neck)
 O - an uncursed ring of positive energy
 Q - an uncursed ring of willpower
Wands
 a - a wand of digging (9)
 e - a wand of flame (17)
 q - a wand of acid (18)
 u - a wand of random effects (37)
 v - a wand of paralysis (15)
 y - a wand of polymorph (13)
 B - a wand of iceblast (22)
 E - a wand of disintegration (23)
Scrolls
 d - 12 scrolls of teleportation
 g - 5 scrolls of identify
 k - 7 scrolls of remove curse
 r - 5 scrolls of amnesia
 x - 3 scrolls of blinking
 A - 3 scrolls of fear
 J - 3 scrolls of summoning
 K - 2 scrolls of enchant armour
Potions
 i - 2 potions of mutation
 j - 3 potions of magic
 l - 2 potions of invisibility
 o - 8 potions of curing
 w - 2 potions of heal wounds
 C - a potion of haste
 L - a potion of berserk rage
 P - a potion of resistance
Miscellaneous
 b - a phantom mirror
 t - a condenser vane
 D - a box of beasts


   Skills:
 * Level 16.8 Fighting
 * Level 16.2 Maces & Flails
 * Level 9.0 Armour
 * Level 5.2 Dodging
 - Level 1.4 Stealth
 * Level 7.2 Invocations
 * Level 5.2 Evocations


You had 14 spell levels left.
You didn't know any spells.
Your spell library contained the following spells:

 Spells                   Type           Power        Failure   Level
 Animate Skeleton         Necr           0%           89%         1
 Corona                   Hex            0%           89%         1
 Pain                     Necr           0%           89%         1
 Sandblast                Erth           0%           89%         1
 Ensorcelled Hibernation  Hex/Ice        0%           96%         2
 Passwall                 Tmut/Erth      0%           96%         2
 Confusing Touch          Hex            0%           99%         3
 Dazzling Flash           Conj/Hex       0%           99%         3
 Stone Arrow              Conj/Erth      0%           99%         3
 Tukima's Dance           Hex            0%           99%         3
 Vampiric Draining        Necr           0%           99%         3
 Animate Dead             Necr           0%           100%        4
 Petrify                  Tmut/Erth      0%           100%        4
 Agony                    Necr           0%           100%        5
 Lee's Rapid Deconstruct  Erth           0%           100%        5


Dungeon Overview and Level Annotations

Branches:
Dungeon (13/15)            Temple (1/1) D:4            Lair (6/6) D:11
  Swamp (0/4) Lair:2        Snake (0/4) Lair:3        Slime (0/5) Lair:5
    Orc (0/2) D:10
 Vaults: D:13-14

Altars:
Ashenzari
Cheibriados
Dithmenos
Elyvilon
Fedhas
Gozag
Hepliaklqana
Kikubaaqudgha
Makhleb
Nemelex Xobeh
Okawaru
Ru
Sif Muna
Trog
Uskayaw
Vehumet
Wu Jian
Xom
Yredelemnul
Zin
The Shining One
Beogh

Shops:
D:8 *   D:10 !   D:12 [


Innate Abilities, Weirdness & Mutations

You are too large for most types of armour.
You have tough skin. (AC +1)


Message History

You bludgeon the tengu reaver!!
You draw out your weapon's spirit!
The tengu reaver is moderately wounded.
The tengu reaver hits you with a +0 battleaxe.
* * * LOW HITPOINT WARNING * * *
The tengu reaver pecks you!
* * * LOW HITPOINT WARNING * * *
The tengu reaver completely misses you.
You barely miss the tengu reaver.
The tengu reaver is moderately wounded.
The tengu reaver hits you with a +0 battleaxe!
* * * LOW HITPOINT WARNING * * *
The tengu reaver pecks you.
The tengu reaver claws you but does no damage.
You closely miss the tengu reaver.
The tengu reaver is moderately wounded.
You miss the tengu reaver.
The tengu reaver is moderately wounded.
The tengu reaver points at you and mumbles some strange words.
The bolt of magma hits you!!!
You die...

#.##. #.#..e#....#
.###.#.#.###.#....##
............(....8#
#.#.#.#.#.###Q.###+######
.##.#...#k##.)###.........
#..#.....#.(###...........
#.....(.###.............
.###*8)###...............
.......eQ@(......).†......
#####+#####+#####'########
....................
...###.............
#..........###
#...#......#
#...#......###
#...#.........
.....#.........


You could see a tengu reaver, a deep elf archer (repels missiles), a
battlesphere and a friendly +2 spectral giant spiked club (summoned).

Vanquished Creatures
  Erolcha (D:11)
  Harold (D:8)
  7 hydras
  A catoblepas (Lair:6)
  2 centaur warriors (D:13)
  6 two-headed ogres
  2 death yaks (Lair:3)
  3 skeletal warriors
  3 swamp dragons (Lair:1)
  A lindwurm (Lair:6)
  An orc knight (D:12)
  A deep elf mage (D:12)
  An ugly thing (D:11)
  2 cyclopes
  A salamander (shapeshifter) (D:13)
  6 elephants (Lair:4)
  9 black mambas
  26 cane toads
  A torpor snail (Lair:3)
  2 gargoyles (D:10)
  A kobold demonologist (D:13)
  8 komodo dragons
  2 rime drakes
  3 trolls
  3 polar bears
  12 slime creatures
  Prince Ribbit (Lair:2)
  4 tyrant leeches (Lair:6)
  A hornet (Lair:1)
  23 blink frogs
  A spriggan (shapeshifter) (D:13)
  3 wyverns
  2 shadows (D:10)
  2 vampires (D:10)
  5 basilisks
  2 wraiths
  43 yaks
  Eustachio (D:4)
  9 vampire mosquitoes
  5 nagas (Lair:3)
  An acid dragon (D:11)
  10 water moccasins
  A hornet zombie (D:8)
  5 ice beasts
  4 sky beasts
  2 swamp drakes (Lair:1)
  The ghost of IHuginn the Chopper, an amateur HOMo (D:3)
  An eye of draining (D:10)
  4 black bears
  7 ogres
  19 orc warriors
  3 phantoms
  The ghost of askman the Shield-Bearer, an amateur DsFi (D:3)
  6 centaurs
  20 wolves
  2 big kobolds (D:10)
  31 bullfrogs
  10 scorpions
  5 killer bees
  16 wights
  An electric eel (Lair:6)
  2 howler monkeys
  2 quasits
  A bullfrog zombie (D:8)
  2 centaur skeletons
  5 hounds
  6 orc priests
  7 jellies
  12 orc wizards
  3 iguanas
  9 worker ants
  6 ogre zombies (D:10)
  A hound skeleton (D:4)
  A howler monkey skeleton (D:8)
  3 worker ant zombies
  14 gnolls
  20 adders
  2 shadow imps
  6 white imps
  4 ufetubi
  2 oozes
  3 adder skeletons
  4 adder zombies
  4 worms
  2 dart slugs (D:1)
  5 leopard geckos
  77 orcs
  2 giant cockroaches (D:5)
  4 goblins
  8 hobgoblins
  8 jackals
  19 kobolds
  7 quokkas
  2 ball pythons
  9 bats
  4 frilled lizards
  A goblin zombie (D:10)
  2 hobgoblin skeletons (D:10)
  A hobgoblin zombie (D:10)
  A jackal skeleton (D:5)
  A leopard gecko zombie (D:7)
  4 orc skeletons (D:10)
  11 orc zombies (D:10)
  A quokka skeleton (D:8)
  7 rats
653 creatures vanquished.

Vanquished Creatures (others)
  26 fungi
  95 plants
121 creatures vanquished.

Grand Total: 774 creatures vanquished

Notes
Turn   | Place    | Note
-------+----------+-------------------------------------------
     0 | D:1      | Amaterasu the Ogre Monk began the quest for the Orb.
     0 | D:1      | Reached XP level 1. HP: 24/24 MP: 1/1
   224 | D:1      | Reached XP level 2. HP: 19/33 MP: 2/2
   987 | D:2      | Noticed a bullfrog
   998 | D:2      | Killed a bullfrog
   999 | D:2      | Reached skill level 5 in Fighting
   999 | D:2      | Reached XP level 3. HP: 26/42 MP: 3/3
   999 | D:2      | Reached XP level 4. HP: 32/50 MP: 4/4
  1780 | D:2      | Reached XP level 5. HP: 59/59 MP: 5/5
  2026 | D:2      | Found a shimmering blue altar of Sif Muna.
  3263 | D:3      | Found a glowing golden altar of the Shining One.
  3355 | D:3      | Found a runed translucent gate.
  3355 | D:3      | Found a runed translucent gate.
  3355 | D:3      | Found a runed translucent gate.
  3355 | D:3      | Noticed IHuginn's ghost (amateur HOMo)
  3356 | D:3      | Noticed askman's ghost (amateur DsFi)
  3407 | D:3      | Killed askman's ghost
  3408 | D:3      | Reached skill level 5 in Maces & Flails
  3408 | D:3      | Reached XP level 6. HP: 67/67 MP: 6/6
  3440 | D:3      | Killed IHuginn's ghost
  4199 | D:4      | Reached XP level 7. HP: 72/76 MP: 7/7
  4305 | D:4      | Found a white marble altar of Elyvilon.
  4613 | D:4      | Found a basalt altar of Yredelemnul.
  4729 | D:4      | Found a staircase to the Ecumenical Temple.
  4741 | Temple   | Entered the Ecumenical Temple
  4907 | D:4      | Noticed Eustachio
  4952 | D:4      | Killed Eustachio
  5366 | D:4      | Reached XP level 8. HP: 60/84 MP: 8/8
  5863 | D:5      | Entered Level 5 of the Dungeon
  7047 | D:5      | Found an iron altar of Okawaru.
  7054 | D:5      | Became a worshipper of Warmaster Okawaru
  7054 | D:5      | Reached * piety under Okawaru
  7054 | D:5      | Reached ** piety under Okawaru
  7096 | D:5      | Identified a scroll of acquirement
  7096 | D:5      | Acquired 773 gold pieces
  7539 | D:6      | Reached skill level 1 in Invocations
  7754 | D:6      | Reached skill level 1 in Armour
  7897 | D:6      | You fall into a shaft and drop 1 floor!
  7927 | D:7      | Reached XP level 9. HP: 81/98 MP: 10/10
  8058 | D:7      | Found a sparkling altar of Nemelex Xobeh.
  8217 | D:7      | Found an ancient bone altar of Kikubaaqudgha.
  8370 | D:6      | Found a burning altar of Makhleb.
  8722 | D:6      | Reached skill level 10 in Fighting
  8733 | D:6      | HP: 1/101 [acid (9)]
  9637 | D:7      | Found a hide-covered altar of Uskayaw.
 10795 | D:8      | Found an opulent altar of Gozag.
 10816 | D:8      | Found Gozag's Platinum Reserve.
 10922 | D:8      | Reached *** piety under Okawaru
 11020 | D:8      | Found a snail-covered altar of Cheibriados.
 11102 | D:8      | Noticed Harold
 11136 | D:8      | Killed Harold
 11137 | D:8      | Reached XP level 10. HP: 58/114 MP: 12/12
 12300 | D:8      | Noticed a two-headed ogre
 12331 | D:8      | Killed a two-headed ogre
 12561 | D:8      | HP: 3/115 [gnoll/+0 spear (6)]
 13686 | D:9      | Noticed a two-headed ogre
 13707 | D:9      | Killed a two-headed ogre
 13707 | D:9      | Reached **** piety under Okawaru
 13708 | D:9      | Reached skill level 10 in Maces & Flails
 14119 | D:9      | Found an ornate altar of the Wu Jian Council.
 14151 | D:9      | Reached skill level 1 in Evocations
 14759 | D:9      | Found a hazy altar of Hepliaklqana.
 14952 | D:10     | Entered Level 10 of the Dungeon
 15067 | D:10     | Noticed a two-headed ogre
 15081 | D:10     | Killed a two-headed ogre
 15081 | D:10     | Reached ***** piety under Okawaru
 15082 | D:10     | Reached skill level 5 in Invocations
 15082 | D:10     | Reached XP level 11. HP: 48/123 MP: 11/14
 15340 | D:10     | Received a gift from Okawaru
 15570 | D:10     | Found a staircase to the Orcish Mines.
 15742 | D:10     | Found Xoezak's Distillery.
 15772 | D:10     | Bought a potion of experience for 650 gold pieces
 15772 | D:10     | Reached skill level 15 in Fighting
 15772 | D:10     | Reached XP level 12. HP: 144/144 MP: 16/16
 16213 | D:10     | Received a gift from Okawaru
 17284 | D:11     | Reached skill level 5 in Armour
 17367 | D:11     | Found a staircase to the Lair.
 17377 | D:11     | Noticed a two-headed ogre
 17386 | D:11     | Killed a two-headed ogre
 17503 | D:11     | Reached XP level 13. HP: 144/152 MP: 17/17
 17730 | D:11     | Noticed Erolcha
 17733 | D:11     | Killed Erolcha
 18294 | Lair:1   | Entered Level 1 of the Lair of Beasts
 18799 | Lair:1   | Identified the cursed -13 tower shield of Generosity {rC-
                  | Str+6 Dex+5} (You found it on level 1 of the Lair of
                  | Beasts)
 18859 | Lair:1   | Received a gift from Okawaru
 19450 | Lair:2   | Noticed Prince Ribbit
 19483 | Lair:2   | Killed Prince Ribbit
 19578 | Lair:2   | Found a staircase to the Swamp.
 21198 | Lair:3   | Found a staircase to the Snake Pit.
 21333 | Lair:3   | Reached XP level 14. HP: 77/161 MP: 4/18
 22155 | Lair:4   | Received a gift from Okawaru
 22165 | Lair:4   | Identified the +5 giant spiked club of Liloraef {flame,
                  | +Fly rElec} (Okawaru gifted it to you on level 4 of the
                  | Lair of Beasts)
 22318 | Lair:4   | Reached skill level 15 in Maces & Flails
 23931 | Lair:5   | Found a staircase to the Slime Pits.
 24530 | Lair:6   | Entered Level 6 of the Lair of Beasts
 24532 | Lair:6   | Received a gift from Okawaru
 24647 | Lair:6   | Received a gift from Okawaru
 24678 | Lair:6   | Reached XP level 15. HP: 64/171 MP: 7/20
 26013 | D:12     | Found a roughly hewn altar of Beogh.
 26030 | D:12     | Reached skill level 5 in Evocations
 26030 | D:12     | Received a gift from Okawaru
 26278 | D:12     | Reached skill level 5 in Dodging
 26739 | D:12     | Found Avudawk's Antique Armour Shoppe.
 27950 | D:13     | Reached ****** piety under Okawaru
 27986 | D:13     | Noticed a tengu reaver
 27988 | D:13     | Identified the amulet "Uxtem" {RegenMP *Corrode rElec Dex+4
                  | SInv}
 28013 | D:13     | Killed from afar by a tengu reaver

Illustrated notes

Levels and vault maps discovered:
D:1:      dpeg_arrival_houses_and_road, layout_rooms, st_stairs_6,
          lemuel_old_faithful
D:2:      minmay_recursive_quarters, layout_basic, lemuel_blue_sif_altar
D:3:      layout_loops_cross, lemuel_doored_altar, gammafunk_ghost_cemetery,
          minivault_19
D:4:      layout_cave_pods, kennysheep_ying_yang, minmay_temple_entry_ruins,
          uniq_eustachio
D:5:      layout_gridville, okawaru_metal_pillars_1_2
D:6:      layout_gridville, bloody_makhleb, st_stairs_6
D:7:      layout_basic, kiku_gazebo_garden_becter, kennysheep_little_box,
          eat_drink_and_be_merry_uskayaw
D:8:      kennysheep_windowed_halls, layout_loops_ring,
          nicolae_gozag_zags_fifth_avenue, cheibrodos_worm_habitat, uniq_harold
D:9:      layout_long_grid, nicolae_overflow_hidden_temple, kennysheep_donut
D:10:     layout_cave_pools, zombieorc1_lemuel, special_room [special_room_orc],
          serial_shops, shop
D:11:     layout_stronghold, lair_entry_dummy, uniq_erolcha
D:12:     layout_loops_corners, special_room [special_room_orc], serial_ice,
          serial_ice_j, serial_ice_c, serial_ice_e, serial_ice_d, serial_ice_o,
          serial_ice_b, serial_shops, shop
D:13:     minmay_complete_graph, layout_stronghold, david_vaults_2, basic_altar,
          uniq_rupert
Temple:   kb_temple_of_zot
Lair:1:   minmay_lair_venomous_thicket, layout_loops_ring, pond
Lair:2:   layout_cave_shapes, swamp_mist, uniq_prince_ribbit2
Lair:3:   layout_regular_city, minmay_snake_entry_guardpost_medium,
          chequers_serial_rivers_micro_c
Lair:4:   layout_layer_cave
Lair:5:   layout_regular_city, minmay_slime_entry_pillars,
          lightli_volcano_entry_magma_tube
Lair:6:   minmay_lair_end_frog_pond, layout_misc_corridors

Skill      XL: |  1  2  3  4  5  6  7  8  9 10 11 12 13 14 15 |
---------------+----------------------------------------------+-----
Maces & Flails | 3 4 5 6 7 8 10 11 12 14 15 16 | 16.2
Fighting       | 5 6 9 11 12 15 16 | 16.8
Dodging        | 3 4 5 |  5.2
Invocations    | 1 3 5 6 7 |  7.2
Armour         | 1 3 4 5 7 8 9 |  9.0
Evocations     | 1 2 4 5 |  5.2
Stealth        | |  1.4

Action                   |  1- 3 |  4- 6 |  7- 9 | 10-12 | 13-15 || total
-------------------------+-------+-------+-------+-------+-------++-------
Melee: Mace              |    81 |   114 |       |       |       ||   195
       Whip              |       |   172 |   463 |   311 |       ||   946
       Punch             |       |       |       |     1 |       ||     1
       Giant spiked club |       |       |       |   268 |   186 ||   454
       Giant club        |       |       |       |       |   505 ||   505
Invok: Heroism           |       |       |     1 |     5 |     5 ||    11
       Finesse           |       |       |       |       |     3 ||     3
Evoke: Wand              |       |       |       |     3 |     5 ||     8
       Condenser vane    |       |       |       |     1 |     2 ||     3
  Use: Scroll            |     4 |     3 |     7 |     2 |    14 ||    30
       Potion            |     1 |     1 |     2 |     3 |     1 ||     8
 Stab: Sleeping          |     3 |     1 |     1 |       |       ||     5
       Distracted        |     1 |       |       |       |     3 ||     4
       Confused          |       |       |       |     1 |       ||     1
       Petrified         |       |       |       |       |     1 ||     1
Armor: Robe              |    28 |    66 |    58 |    40 |       ||   192
       Skin              |       |    34 |       |     4 |       ||    38
       Troll leather arm |       |       |       |    50 |       ||    50
       Storm dragon scal |       |       |       |    81 |   417 ||   498
Dodge: Dodged            |    62 |   140 |   199 |   282 |   336 ||  1019
